Cogmind - Beta 16 @@@ ROGUE MODE // 2025.11.09 @ 20:58:32 Player: skywing Result: Self-destructed Performance ------------- Evolutions (5) 2500 Regions Visited (4) 800 Robots Destroyed (50) 250 Value Destroyed (1242) 1242 Prototype IDs (19) 380 Alien Tech Used (0) 0 Bonus (800) 800 TOTAL SCORE: 5972 Bonus ------- Registered with UFD 300 Met Optimus in HQ 500 Cogmind --------- Core Integrity 336/1000 Matter 300/300 Energy 90/100 System Corruption 6% Temperature Cool (0) Movement Rolling (130) Ox2 Location -5/Factory Parts ------- > --- POWER (2) -------- (None) > --- PROPULSION (2) --- Compact Wheel > --- UTILITY (10) ----- Advanced Heat Sink High-capacity Storage Unit Machine Analyzer Advanced Signal Interpreter > --- WEAPON (3) ------- (None) > --- INVENTORY (20) --- Large Matter Pod (150) Hacking Suite Scrapoid Pod Rainbow Chip Datajack CPS Tube (2) CPS Tube (2) Vortex Trap DRS Beacon (Ready) Peak State ------------ > --- POWER ------------ Fission Core > --- PROPULSION ------- Wheel Wheel > --- UTILITY ---------- Scrap Suit High-capacity Storage Unit Structural Scanner Machine Analyzer Subdweller Optics Advanced Signal Interpreter Improved Light Armor Plating A0-MCA's Component Scanner > --- WEAPON ----------- Heavy Flak Cannon Junk Cannon > --- INVENTORY -------- Large Matter Pod Hacking Suite Scrapoid Pod Rainbow Chip Thermic Laser Datajack CPS Tube CPS Tube Makeshift Axe Vortex Trap DRS Beacon [Rating: 61] Favorites ----------- Power Fission Core Engine Ion Engine Power Core Fission Core Propulsion Wheel Leg Carbon-fiber Leg Wheel Wheel Utility High-capacity Storage Unit Device Structural Scanner Storage High-capacity Storage Unit Processor Machine Analyzer Protection Core Shielding Weapon Heavy Flak Cannon Energy Gun Riot Gun Energy Cannon Subdweller Beam Cannon Ballistic Gun Assault Rifle Ballistic Cannon Heavy Flak Cannon Special Weapon Junk Cannon Impact Weapon Hammer Slashing Weapon Makeshift Axe Build | -11 -10 -10 -7 -5 ------- Run | Yrd Mat Sub Scr Fac Slots Evolved 10 | . . . . 10 Power 1 | . . . . 1 Propulsion . | . . . . . Utility 8 | . . . . 8 Weapon 1 | . . . . 1 Parts Attached 57 | 8 8 14 7 20 Power 9 | 1 3 1 1 3 Engine 7 | 1 3 1 . 2 Core 2 | . . . 1 1 Reactor . | . . . . . Propulsion 16 | 2 2 8 . 4 Treads . | . . . . . Leg 1 | . . . . 1 Wheel 15 | 2 2 8 . 3 Hover . | . . . . . Flight . | . . . . . Utility 15 | 2 2 2 1 8 Device 7 | 1 . 1 1 4 Storage 2 | 1 1 . . . Processor 4 | . . 1 . 3 Hackware . | . . . . . Protection 2 | . 1 . . 1 Artifact . | . . . . . Weapon 17 | 3 1 3 5 5 Energy Gun 9 | 2 . 1 2 4 Energy Cannon 1 | . . 1 . . Ballistic Gun 1 | 1 . . . . Ballistic Cannon 3 | . 1 . 2 . Launcher . | . . . . . Special Weapon 1 | . . . 1 . Impact Weapon 1 | . . 1 . . Slashing Weapon 1 | . . . . 1 Piercing Weapon . | . . . . . Special Melee Weapon . | . . . . . Unidentified Prototypes 1 | . . . 1 . Parts Lost 28 | . 3 2 . 23 Power 5 | . 1 . . 4 Propulsion 7 | . 1 1 . 5 Utility 7 | . 1 . . 6 Weapon 9 | . . 1 . 8 Highest Loss Streak 10 | . 2 1 . 10 To Critical Strikes . | . . . . . Average Backups 16 | 1 15 19 18 8 Power 1 | . 1 2 1 . Propulsion 1 | . 3 2 1 . Utility 8 | . 6 9 9 3 Weapon 2 | . 2 3 3 1 Tool/Special . | . . . . . Unused Backups 28 | . 1 8 12 7 Power 4 | . . 1 3 . Propulsion 2 | . . 2 . . Utility 11 | . . 3 5 3 Weapon 6 | . 1 2 3 . Tool/Special 5 | . . . 1 4 Average Slot Usage (%) 94 | . 98 99 98 55 Engine 6 | . 13 14 . 1 Core 6 | . . . 13 3 Wheel 25 | . 27 27 28 2 Device 12 | . 11 9 14 10 Storage 13 | . 14 14 14 5 Processor 1 | . . . . 16 Protection 1 | . 2 4 . . Energy Gun 7 | . 2 2 12 6 Energy Cannon 2 | . . 9 . . Ballistic Gun 2 | . 13 . . . Ballistic Cannon 12 | . 11 14 13 1 Peak Build Rating 61 | 7 9 14 29 61 Average Rating 20 | 5 8 11 23 50 On Entrance 11 | . 7 9 14 27 Avg Prop Armor Cover (%) 4 | . . . 4 . Naked Turns . | . . . . . Heaviest Build 82 | 13 49 57 65 82 Greatest Support 40 | 32 32 40 30 32 Greatest Overweight (x) 21 | . 3 5 6 21 Average Overweight (x) 2 | . . 1 3 6 Largest Inventory Capacity 20 | 8 20 20 20 20 Average Capacity 19 | 7 19 20 20 20 Most Carried 20 | 5 20 20 20 19 Average Carried 17 | 2 15 19 19 11 Final Capacity 20 | 8 20 20 20 20 Final Carried 20 | 5 20 20 20 10 Scrap Suit Usage (%) 2 | . . . . 22 Class Distribution -------------------- 66% | Mutant 26% | Scavenger-Mutant 3% | Skirmisher Dominant Class ---------------- Mutant | -10/Materials Scavenger-Mutant | -10/Subcaves Mutant | -7/Scraptown Skirmisher | -5/Factory Resources | -11 -10 -10 -7 -5 ----------- Run | Yrd Mat Sub Scr Fac Matter Collected 1677 | 131 620 534 120 272 Remotely . | . . . . . Salvage Created 1795 | 66 414 308 . 1007 Parts 99 | 8 36 28 . 27 Haulers Intercepted 2 | . 2 . . . Recyclers Shooed 2 | . . . . 2 Parts Field Recycled . | . . . . . Retrieved Matter . | . . . . . Parts Self-Destructed 17 | . . 17 . . Prevented . | . . . . . Parts Restored . | . . . . . Kills | -11 -10 -10 -7 -5 ------- Run | Yrd Mat Sub Scr Fac Combat Hostiles Destroyed 33 | . 8 11 . 14 Melee 1 | . . . . 1 Guns 13 | . 6 . . 7 Cannons 15 | . 2 10 . 3 Classes Destroyed 13 | 1 8 1 . 3 Worker 2 | . 1 . . 1 Builder 1 | . 1 . . . Tunneler 3 | 3 . . . . Hauler 2 | . 2 . . . Recycler 4 | . 1 . . 3 Operator 2 | . 2 . . . Watcher 3 | . 3 . . . Swarmer 14 | . 5 5 . 4 Grunt 10 | . 3 . . 7 Brawler 1 | . . . . 1 Duelist 1 | . . . . 1 Sentry 1 | . . . . 1 Subdweller 6 | . . 6 . . Best Kill Streak 6 | 2 3 3 . 6 Combat Bots Only 6 | . 3 3 . 6 Max Kills in Single Turn 1 | 1 1 1 . 1 Gunslinging . | . . . . . Exploded . | . . . . . Melee 1 | . . . . 1 Uniques/NPCs Destroyed . | . . . . . Combat | -11 -10 -10 -7 -5 -------- Run | Yrd Mat Sub Scr Fac Hostile Shots Fired 303 | . 61 59 . 183 Missed 87 | . 24 22 . 41 Hits 216 | . 37 37 . 142 Melee 4 | . . . . 4 Projectile 212 | . 37 37 . 138 Critical Strikes 5 | . . 1 . 4 Damage Taken 3777 | . 407 541 . 2829 Core 875 | . 90 121 . 664 Absorbed by Shields . | . . . . . Redirected to Shielding 9 | . . 9 . . Regen/Repaired (Parts) 116 | . 116 . . . Core Remaining (%) 57 | 100 . . 15 . Volleys Fired 152 | 8 53 41 . 50 Largest 3 | 2 2 2 . 3 Hottest 229 | 70 70 110 . 229 Shots Fired 289 | 16 106 80 . 87 Gun 154 | 16 66 8 . 64 Cannon 122 | . 40 72 . 10 Launcher . | . . . . . Special 13 | . . . . 13 Kinetic 153 | 8 93 42 . 10 Thermal 117 | 8 13 32 . 64 Explosive . | . . . . . Electromagnetic 6 | . . 6 . . Impact 13 | . . . . 13 Robot Hit Streak 13 | 6 13 11 . 10 Robot Miss Streak 6 | 1 4 5 . 6 Penetration Max . | . . . . . Secondary Targets 2 | . 1 . . 1 Max Gunslinging Chain 1 | . 1 . . 1 Shots Hit Robots 186 | 11 67 36 . 72 Core Hits 79 | 4 22 13 . 40 Critical Kills 2 | . . 1 . 1 Critical Parts Destroyed 3 | . . . . 3 Critical Strikes 14 | . 3 1 . 10 Burn 6 | . 3 . . 3 Meltdown 1 | . . 1 . . Smash 5 | . . . . 5 Sever 2 | . . . . 2 Melee Attacks 20 | . . 8 . 12 Impact 8 | . . 8 . . Slashing 12 | . . . . 12 Piercing . | . . . . . Sneak Attacks . | . . . . . Combat Hostiles . | . . . . . Follow-up Attacks . | . . . . . Damage Inflicted 4169 | 145 1005 682 . 2337 Guns 1643 | 145 497 94 . 907 Cannons 1357 | . 508 588 . 261 Explosions . | . . . . . Melee 285 | . . . . 285 Ramming . | . . . . . Kinetic 1571 | 58 918 334 . 261 Thermal 1347 | 87 87 266 . 907 Explosive . | . . . . . Electromagnetic 82 | . . 82 . . Impact 884 | . . . . 884 Slashing 285 | . . . . 285 Piercing . | . . . . . Highest Corruption 6 | . . . . 6 Average Corruption 5 | . . . . 5 Corruption Purged . | . . . . . Corruption Blocked . | . . . . . Effects 17 | . . . . 17 Message Errors 4 | . . . . 4 Matter Fused 2 | . . . . 2 Heat Flow Errors 3 | . . . . 3 Energy Discharges 2 | . . . . 2 Data Loss (minor) 2 | . . . . 2 Data Loss (major) 1 | . . . . 1 Misfires 2 | . . . . 2 Alerts 1 | . . . . 1 Overload Shots . | . . . . . Overflow Damage 299 | . 11 . . 288 Projectiles 299 | . 11 . . 288 Explosions . | . . . . . Melee . | . . . . . Knockbacks 24 | . 10 3 . 11 Impact 2 | . . . . 2 Kinetic 21 | . 9 3 . 9 Secondary 1 | . 1 . . . Self-Inflicted Damage . | . . . . . Shots . | . . . . . Rammed 1 | . . . . 1 Targets Rammed 1 | . . . . 1 Kicked . | . . . . . Crushed . | . . . . . Highest Temperature 510 | 45 144 8 . 510 Average Temperature 104 | 18 46 3 . 240 Received Heat Transfer 1134 | . 132 93 . 909 Effects 3 | . . . . 3 Interference 2 | . . . . 2 Damage (minor) 1 | . . . . 1 Siege Activations . | . . . . . Martial Activations . | . . . . . Shielding Activations . | . . . . . Robots Disrupted . | . . . . . Combat Hostiles . | . . . . . Robots Corrupted 3 | . . . . 3 Combat Hostiles 2 | . . . . 2 Parts Fried 3 | . . . . 3 Impact Corruptions 7 | . . . . 7 Robots Melted 2 | . . 1 . 1 Combat Hostiles 2 | . . 1 . 1 Parts Melted 8 | . 2 . . 6 Heat Transferred 2927 | 259 481 333 . 1854 Parts Sabotaged . | . . . . . Parts Stolen . | . . . . . Parts Stripped . | . . . . . Power Chain Reactions . | . . . . . Alert | -11 -10 -10 -7 -5 ------- Run | Yrd Mat Sub Scr Fac Maximum Alert Level . | . . . . . Low Security (%) 100 | 100 100 . . 100 Level 1 . | . . . . . Level 2 . | . . . . . Level 3 . | . . . . . Level 4 . | . . . . . Level 5 . | . . . . . High Security . | . . . . . Max Security . | . . . . . Peak Influence 92 | 5 85 . . 92 Initial . | . . . . . Average 23 | 1 20 . . 32 Influence Increases 988 | 15 357 215 . 401 Destroy 0b10 Robot/C 540 | . 160 100 . 280 Destroy 0b10 Robot/NC 85 | 15 50 . . 20 Destroy Leader 120 | . 50 10 . 60 Successful Hack 27 | . 22 . . 5 Disable Machine 30 | . 15 . . 15 Destroy Structure 6 | . . . . 6 Lose Combat Pursuer 180 | . 60 105 . 15 Influence Decreases 988 | 15 357 215 . 401 Time Decay 793 | 15 327 215 . 236 Lost Part 195 | . 30 . . 165 Squads Dispatched 10 | . 2 . . 8 Investigation 2 | . . . . 2 Extermination 1 | . . . . 1 Reinforcement 2 | . 2 . . . Assault . | . . . . . Garrison 5 | . . . . 5 Intercept . | . . . . . Searches Triggered . | . . . . . Construction Impeded . | . . . . . Haulers Reinforced . | . . . . . Active Scanning Responses . | . . . . . Cargo Convoy Interrupts . | . . . . . Stealth | -11 -10 -10 -7 -5 --------- Run | Yrd Mat Sub Scr Fac Distress Signals 1 | . 1 . . . Communications Jammed . | . . . . . Distress Signals . | . . . . . Times Spotted 65 | . 25 19 . 21 Peak Tracking Total 7 | . 6 4 . 7 Tactical Retreats 7 | . 4 2 . 1 Traps | -11 -10 -10 -7 -5 ------- Run | Yrd Mat Sub Scr Fac Traps Triggered 3 | . 2 1 . . Indirectly . | . . . . . Trap Hack Attempts . | . . . . . Triggered . | . . . . . Disarmed . | . . . . . Reprogrammed . | . . . . . Reused . | . . . . . Traps Extracted . | . . . . . Installed . | . . . . . Triggered . | . . . . . Most Traps Carried 1 | . . . 1 1 Machines | -11 -10 -10 -7 -5 ---------- Run | Yrd Mat Sub Scr Fac Machines Disabled 3 | . 1 1 . 1 Max in Single Turn 1 | . 1 1 . 1 Machines Repaired . | . . . . . Machines Dismantled . | . . . . . Machines Sabotaged . | . . . . . Overloaded Fab Kills . | . . . . . Hacking | -11 -10 -10 -7 -5 --------- Run | Yrd Mat Sub Scr Fac Machines Accessed 19 | . 7 2 8 2 Terminals 7 | . 6 . . 1 Fabricators . | . . . . . Repair Stations 1 | . 1 . . . Recycling Units 1 | . . . . 1 Scanalyzers . | . . . . . Garrison Access . | . . . . . Total Hacks 89 | . 20 12 52 5 Successful 80 | . 14 12 52 2 Failed 9 | . 6 . . 3 Catastrophic 4 | . 2 . . 2 Database Lockouts . | . . . . . Manual 13 | . 8 . . 5 Terminals 20 | . 16 . . 4 Fabricators . | . . . . . Repair Stations 4 | . 4 . . . Recycling Units 1 | . . . . 1 Scanalyzers . | . . . . . Garrison Access . | . . . . . Terminal Hacks 74 | . 10 12 52 . Record 65 | . 3 11 51 . Part Schematic 2 | . 2 . . . Robot Analysis 4 | . 4 . . . Zone Layout 1 | . 1 . . . Proto ID Catalog 2 | . . 1 1 . Fabricator Hacks . | . . . . . Repair Station Hacks 4 | . 4 . . . Scan Component 2 | . 2 . . . Repair 2 | . 2 . . . Recycling Unit Hacks . | . . . . . Scanalyzer . | . . . . . Garrison Access Hacks . | . . . . . Unauthorized Hacks 2 | . . . . 2 Terminals 1 | . . . . 1 Botnet 1 | . . . . 1 Fabricators . | . . . . . Repair Stations . | . . . . . Recycling Units 1 | . . . . 1 Fedlink 1 | . . . . 1 Scanalyzers . | . . . . . Garrison Access . | . . . . . Data Cores Recovered . | . . . . . Used . | . . . . . Hacking Detections 7 | . 6 . . 1 Full Trace Events 2 | . 1 . . 1 Feedback Events . | . . . . . Feedback Blocked . | . . . . . Robot Schematics Acquired . | . . . . . Robots Built . | . . . . . Authchips . | . . . . . Time . | . . . . . Total Robot Build Rating . | . . . . . Part Schematics Acquired 2 | . 2 . . . Parts Built . | . . . . . Authchips . | . . . . . Time . | . . . . . Total Part Build Rating . | . . . . . Part Studies Acquired . | . . . . . Parts Repaired 2 | . 2 . . . Time 52 | . 52 . . . Parts Recycled . | . . . . . Recycled Matter . | . . . . . Retrieved Matter . | . . . . . Retrieved Components . | . . . . . Parts Scanalyzed . | . . . . . Part Schematics Acquired . | . . . . . Parts Damaged . | . . . . . Bothacking | -11 -10 -10 -7 -5 ------------ Run | Yrd Mat Sub Scr Fac Used RIF Installer . | . . . . . Robots Hacked . | . . . . . Non-combat . | . . . . . Combat . | . . . . . Robot Hacks Applied . | . . . . . Relay Couplers Released . | . . . . . Fabnet Peak Effective % . | . . . . . Robots Rewired . | . . . . . Allies Hacked . | . . . . . Hacks Repelled . | . . . . . Allies | -11 -10 -10 -7 -5 -------- Run | Yrd Mat Sub Scr Fac Total Allies . | . . . . . Largest Group . | . . . . . Highest-Rated Group . | . . . . . Highest-Rated Ally . | . . . . . Total Orders . | . . . . . Ally Attacks . | . . . . . Total Damage . | . . . . . Kills . | . . . . . Allies Corrupted . | . . . . . Allies Melted . | . . . . . Intel | -11 -10 -10 -7 -5 ------- Run | Yrd Mat Sub Scr Fac Active Infowar (turns) 5694 | 21 921 975 3087 690 Optics 87 | . . . 2 85 Structural 4200 | . . 975 3085 140 Seismic 942 | 21 921 . . . Machine Analysis 689 | . . . . 689 Robot Analysis Total 4 | . 4 . . . Derelict Logs Recovered 6 | . . 1 5 . Drone Launches . | . . . . . Drone Recoveries . | . . . . . Exploration | -11 -10 -10 -7 -5 ------------- Run | Yrd Mat Sub Scr Fac Turns Passed 6461 | 117 1097 1470 3087 690 Spaces Moved 4461 | 78 774 1148 2334 127 Core 25 | 2 . . . 23 Treads . | . . . . . Legs 36 | . . . . 36 Wheels 4400 | 76 774 1148 2334 68 Hover . | . . . . . Flight . | . . . . . Fastest Speed 50 | 50 100 105 107 115 Average Speed 126 | 98 105 109 129 372 Slowest Speed 1100 | 100 145 155 170 1100 Overloaded Moves . | . . . . . Propulsion Burnouts . | . . . . . Robots Hopped . | . . . . . Potential Cave-ins . | . . . . . Cave-ins Triggered . | . . . . . Exploration Rate (%) 49 | 4 96 47 95 3 Regions Visited 4 Branch Regions 2 Pre-discovered Areas 1 | . . . 1 . Known Exits Taken 1 | . . 1 . . Unknown Exits Taken 3 | 1 1 . 1 . Scrap Searched 13 | . . 7 6 . Spaces Dug . | . . . . . Terrain Destroyed 6 | . . 5 . 1 Melee . | . . . . . Projectile 6 | . . 5 . 1 AOE . | . . . . . Terrain Rammed . | . . . . . Walls Destroyed . | . . . . . Machines Disabled . | . . . . . Actions | -11 -10 -10 -7 -5 --------- Run | Yrd Mat Sub Scr Fac Total 4948 | 98 944 1270 2401 235 Wait 119 | . 84 17 . 18 Move 4457 | 77 773 1147 2333 127 Hop . | . . . . . Pick Up 59 | 5 17 14 22 1 Fast Attach 29 | 7 6 1 4 11 Attach 22 | . 2 3 5 12 Detach 5 | . . 1 2 2 Swap 32 | 1 5 20 5 1 Drop 52 | . 4 18 30 . Fire 152 | 8 53 41 . 50 Melee 20 | . . 8 . 12 Ram 1 | . . . . 1 Kick . | . . . . . Crush . | . . . . . Escape Stasis . | . . . . . Rewire . | . . . . . Trap . | . . . . . Miscellaneous . | . . . . . Route ------- -11/Scrapyard -10/Materials (discovered 5 exits: [*Mat x3] / [*Min] / *Sub) -10/Subcaves (discovered 2 exits: Rec / *Scr) -7/Scraptown (discovered 2 exits: *Fac x2) -5/Factory (discovered 3 exits: Fac x2 / Upp) History --------- Turn | Location | Event 2 | -11/Scrapyard | Met Revision 17 20 | -11/Scrapyard | Discovered new exit (range 16) 118 | -11/Scrapyard | Entered Materials 119 | -10/Materials | Met a group of wandering Federalists 300 | -10/Materials | Build established: Mutant 343 | -10/Materials | Repaired Lgt. Cannon 673 | -10/Materials | Discovered new exit (range 10) 799 | -10/Materials | Repaired Assault Rifle 820 | -10/Materials | Discovered new exit (range 15) 952 | -10/Materials | Discovered new exit (range 11) 1030 | -10/Materials | Discovered new exit (range 16) 1189 | -10/Materials | Discovered new exit (range 7) 1215 | -10/Materials | Entered Subcaves 1216 | -10/Subcaves | Continued accompanying wandering Federalists (6) 1218 | -10/Subcaves | Ambushed by Subdwellers from Twisted Machinery 1263 | -10/Subcaves | Learned 8 Materials zone layouts 1304 | -10/Subcaves | Lost 3 allies 1421 | -10/Subcaves | Lost 5 allies 1431 | -10/Subcaves | Wandering Federalist uncovered a shortcut to Scraptown 1442 | -10/Subcaves | Identified exit to Scraptown 1464 | -10/Subcaves | Visited Clippyterm 1468 | -10/Subcaves | Identified exit to Recycling 1632 | -10/Subcaves | Build established: Scavenger-Mutant 1776 | -10/Subcaves | Core integrity fell below 50% 1914 | -10/Subcaves | Visited 4L-MR0's lab 1928 | -10/Subcaves | Found Rainbow Chip 2095 | -10/Subcaves | A swath of the cavern ceiling suddenly collapsed 2507 | -10/Subcaves | Disturbed a concealed Subdweller 2599 | -10/Subcaves | Core integrity fell below 20% 2685 | -10/Subcaves | Entered Scraptown 3124 | -7/Scraptown | Discovered new exit (range 6) 3163 | -7/Scraptown | Build established: Mutant 3166 | -7/Scraptown | Scanned Subdweller tech in exchange for log data 3170 | -7/Scraptown | Learned 8 Factory zone layouts 3171 | -7/Scraptown | Learned Factory stockpile data 3173 | -7/Scraptown | Learned Research stockpile data 3178 | -7/Scraptown | Learned location of Zion (-7) 3230 | -7/Scraptown | Visited The Evicted 3265 | -7/Scraptown | Visited Spacefarers 3382 | -7/Scraptown | Heard Great Nut preacher, LISTEN AND RECITE! 3391 | -7/Scraptown | Visited Cave Peace 3431 | -7/Scraptown | Visited Symbiants 3461 | -7/Scraptown | Visited Bundlers 3954 | -7/Scraptown | Visited Cyclists 3990 | -7/Scraptown | Visited Comm Corps 4336 | -7/Scraptown | Visited UFD Registry 4336 | -7/Scraptown | Registered with UFD as "Fluxcycle" 4382 | -7/Scraptown | Visited Science Guys 4456 | -7/Scraptown | Visited Scrap Suit Storage 4514 | -7/Scraptown | Visited A0-MCA Data Center 4521 | -7/Scraptown | Given a B rating by A0-MCA 4524 | -7/Scraptown | Found A0-MCA's Component Scanner 4549 | -7/Scraptown | Visited Curators Association 4622 | -7/Scraptown | Discovered new exit (range 5) 4667 | -7/Scraptown | Found Scrap Suit 4748 | -7/Scraptown | Visited Derelict Rescue Squad 4763 | -7/Scraptown | Found DRS Beacon 4794 | -7/Scraptown | Visited Junk Cannon Lab 4804 | -7/Scraptown | Found Prototype Special Weapon 4807 | -7/Scraptown | Identified Junk Cannon 5102 | -7/Scraptown | Visited Scrapoid Pod Storage 5115 | -7/Scraptown | Found Scrapoid Pod 5161 | -7/Scraptown | Visited Research Penetration Think Tank 5682 | -7/Scraptown | Met Optimus 5682 | -7/Scraptown | Accepted into 0bPrime 5772 | -7/Scraptown | Entered Factory 5772 | -5/Factory | Evolved 10 slots: Power x1, Utility x8, Weapon x1 5773 | -5/Factory | Identified exit to Factory 5773 | -5/Factory | Identified exit to Upper Caves 5835 | -5/Factory | Loaded intel: 8 recycling unit locations 5857 | -5/Factory | Garrison activated, responded to threat 5993 | -5/Factory | Lost 10 parts (2p2n3u3w) 6147 | -5/Factory | Core integrity fell below 50% 6157 | -5/Factory | Garrison activated, responded to threat 6411 | -5/Factory | Garrison activated, responded to threat 6462 | -5/Factory | Self-destructed Last Messages --------------- 06443_ R-10 Processor destroyed. 06444_ K-01 Serf collects debris. 06447_ Acquired Com. Wheel. 06447_ Penetrated by Slug. 06449_ K-01 Serf collects debris. 06449_ Acquired 10 matter. 06449_ K-01 Serf collects debris. 06452_ Penetrated by Slug. 06453_ Acquired Com. Wheel. 06453_ K-01 Serf collects debris. 06454_ A0-MCA's Component Scanner destroyed. 06454_ K-01 Serf collects debris. 06455_ Penetrated by Slug. 06455_ Com. Wheel destroyed. 06455_ Acquired Com. Wheel. 06456_ K-01 Serf collects debris. 06457_ Com. Wheel destroyed. 06458_ K-01 Serf collects debris. 06458_ Acquired 5 matter. 06459_ K-01 Serf collects debris. Map ----- +----------------------------------------------------+ | ?????????????????????????????????????????????????? | | ?????????????????????????????????????????????????? | | ?????????????????????????????????????????????????? | | ?????????????????????????????????????????????????? | | ?????????????????????????????????????????????????? | | ?????????????????????????????????????????????????? | | ???????????????????????? ??????????????????????? | | ?????????????????????? """???????????????????? | | ?????????????????????# """?? ????????????????? | | ?????????????????????# """?? ?????????????? | | ?????????????????????# ???? #????????????? | | ?????????????????????# """? ####?????????? | | ????????????????????## """ ####?????????? | | ????????????????????? """ # ?????????? | | ???????????????????### # """?"""????? | | ???????????????????? # """ # """?"G"????? | | ???????"""???????????+ """ + """?"?"????? | | ?????"""""???????????# """ # ????????? | | ?????"""""???????????# % # ???????? | | ?????????????????????? p #?? ???????? | | ???????"""???????????### #???? #??? | | ?????"""""???????????# ; ! Y #????########??? | | ?????"""""????????????## ! % #????##% % # ??? | | ??????????????????????## !k[ "" ####### %%# ??? | | ???????"""????????????## ==k " ####### !# ?"" | | ? # ????T"????????????## @ "" %+ # ?"" | | # ???"""????????????## k "" # # ?"" | | ### ????????????####### # # ??? | | # ???? % % + # ?"" | | # ???????############o########+#### # ?"" | | # ################ %% ### # ?"" | | # ################ """ ######## ??? | | # + "Y" " " " ######## ?"" | | # ####### " " " " " ##????????"" | | # ####### " " " !##????????"" | | # ##???## " " " ##?????????? | | # ##???## " " " # ????????"" | | ################## ##???## " " " # ????????"" | | ################## ##???## " " " # ????????"" | | ????????????????## ##???## " " " # ?????????? | | ????????????????## ##???## " " " # ?????????? | | ??????????????#### ####### # ?????????? | | ??????????????#### ##############+##### ?????????? | | ??????????????## ?????????? | | ??????????????## ????????????"""" | | ??????????????## ????????????"""" | | ??????????????## ????????????"""" | | ??????????????## ????????????"""" | | ??????????????####################???????????????? | | ??????????????####################???????????????? | +----------------------------------------------------+ Best States ------------- Heat Dissipation 78 Energy Generation 27 Energy Capacity 310 Matter Stores 300 Matter Capacity 300 Sight Range 21 Terrain Scan Density 10 Armor Coverage 150 Core Shielding 20 Evasion (%) 40 Particle Charging 20 Item Schematics ----------------- Structural Scanner | -10/Materials | Hacked Datajack | -10/Materials | Hacked Robot Schematics ------------------ None Fabricated ------------ Nothing Repaired ---------- Lgt. Cannon | 60% | -10/Materials Assault Rifle | 31% | -10/Materials Studied --------- None Alien Tech Used ----------------- None Achievements -------------- Bumper Bots Civilization 2243 For Emergencies Only It's Just You Link The Feds Low-level Research Mistaken Identity Strength In Numbers Troublemaker Well Done You Again Challenges ------------ None Game ------ Seed OmegaMetaSystem Manual? 0 Play Time 01:00:17 Cumulative 6.0 hours Start 2025.11.09 @ 10:27:14 End 2025.11.09 @ 20:58:32 Sessions 4 Manual Loads 0 Difficulty Rogue Special Mode None Game No. 4 Rogue 4 Adventurer 0 Explorer 0 Win Type - Total 1 Types 1/0/0/0/0/0/0/0/0/0 Lore% 21 Gallery% 14 Achievement% 19 Wizard Run 0 Options --------- Layout 1 ASCII 0 Keyboard 1 Movement Vi Keybinds 0 Fullscreen 2 Font 28/Smallcaps Map View 50x43 Zoom Use 0% Tactical HUD 1 Map Filters NONE Filters NONE Steam 0 RUN: 3df38970-b092-4832-a92d-43c9075e58c3